 Dungeon Crawl Stone Soup version 0.23.2-1-ga50397a (webtiles) character file.

Game seed: 3279588814064401493

159 Fang the Skirmisher (level 5, -1/33 HPs)
             Began as a Gargoyle Berserker on Apr 12, 2019.
             Was a Believer of Trog.
             Slain by an orc
             ... wielding a +3 flail
              (7 damage)
             ... on level 3 of the Dungeon on Apr 15, 2019.
             The game lasted 00:04:18 (2907 turns).

Fang the Skirmisher (Gargoyle Berserker)            Turns: 2907, Time: 00:04:18

Health: -1/33      AC:  8    Str: 21    XL:     5   Next: 40%
Magic:  5/5        EV: 12    Int:  8    God:    Trog [**....]
Gold:   99         SH:  0    Dex:  9    Spells: 4/4 levels left

rFire    . . .     SeeInvis .   a - +0 hand axe
rCold    . . .     Gourm    .   (no shield)
rNeg     + . .     Faith    .   b - +0 animal skin
rPois    ∞         Spirit   .   (no helmet)
rElec    +         Reflect  .   (no cloak)
rCorr    .         Harm     .   (no gloves)
MR       .....                  l - +1 pair of boots
Stlth    +.........             (no amulet)
HPRegen  0.11/turn              (no ring)
MPRegen  0.09/turn              (no ring)

@: no status effects
A: negative energy resistance 1, electricity resistance, unbreathing,
petrification resistance, rot immunity, AC +4
a: Berserk, Trog's Hand, Renounce Religion


You were on level 3 of the Dungeon.
You worshipped Trog.
Trog was pleased with you.
You were not hungry.

You visited 1 branch of the dungeon, and saw 3 of its levels.

You collected 99 gold pieces.

Inventory:

Hand Weapons
 a - a +0 hand axe (weapon)
Armour
 b - a +0 animal skin (worn)
 l - a +1 pair of boots (worn)
Jewellery
 h - an uncursed amulet of magic regeneration {unknown}
Scrolls
 d - a scroll of enchant weapon {unknown}
 e - a scroll of teleportation {unknown}
 f - 4 scrolls of identify {unknown}
 j - a scroll of blinking {unknown}
Potions
 g - a potion of brilliance {unknown}
 i - a potion of ambrosia {unknown}
 k - a potion of degeneration {unknown}
Comestibles
 c - 6 rations
 m - 5 chunks of flesh


   Skills:
 + Level 4.2 Fighting
 + Level 3.6 Axes
 + Level 3.4 Armour
 + Level 2.5 Dodging


You had 4 spell levels left.
You didn't know any spells.
Your spell library was empty.

Dungeon Overview and Level Annotations

Branches:
Dungeon (3/15)

Altars:
Ashenzari


Innate Abilities, Weirdness & Mutations

You are resistant to torment.
Your stone body is resilient. (AC +4)
You are immune to poison.
You resist negative energy. (rN+)
You are resistant to electric shocks. (rElec)
You can survive without breathing.
You are immune to petrification.
You are immune to rotting.


Message History

You are too injured to fight recklessly!
You are too injured to fight recklessly!
You are too injured to fight recklessly!
You are too injured to fight recklessly!
You are too injured to fight recklessly!
You are too injured to fight recklessly!
You are too injured to fight recklessly!
You are too injured to fight recklessly!
You are too injured to fight recklessly!
You are too injured to fight recklessly!
You are too injured to fight recklessly!
You are too injured to fight recklessly!
You barely miss the orc wizard.
The orc wizard is almost dead.
You hit the orc.
The orc wizard points at you and mumbles some strange words.
The puff of flame hits you!
* * * LOW HITPOINT WARNING * * *
The orc hits you with a +3 flail!
You die...

#........#.....#..
#........#.....#.#
#........#.....#.#
#........#)....#.#
#........).(..##.#
#........###(.##.###
####.###.####.##....
######.###.##.......(.
#...o@..........######
....###o#####.###.# #
#.# #.# #.# ..#
#.###.# #..# #.....#
...# #.##.## ##...
##.## #.## #...# #...#


You could see an orc wizard and an orc.

Vanquished Creatures
  5 adders (D:2)
  3 gnolls
  2 oozes (D:1)
  A worm (D:2)
  4 dart slugs
  A leopard gecko (D:2)
  5 orcs (D:3)
  2 giant cockroaches (D:2)
  8 goblins
  6 hobgoblins
  A ball python (D:1)
  8 bats
  3 frilled lizards
  11 kobolds
  3 rats
63 creatures vanquished.

Notes
Turn   | Place    | Note
-------+----------+-------------------------------------------
     0 | D:1      | Fang the Gargoyle Berserker began the quest for the Orb.
     0 | D:1      | Reached XP level 1. HP: 14/14 MP: 1/1
   100 | D:1      | Reached XP level 2. HP: 15/19 MP: 2/2
   550 | D:1      | Found a shattered altar of Ashenzari.
   764 | D:1      | Reached XP level 3. HP: 23/23 MP: 3/3
   987 | D:2      | Upgraded the game from 0.23.2 to 0.23.2-1-ga50397a
  1069 | D:2      | Reached ** piety under Trog
  1524 | D:2      | Reached XP level 4. HP: 29/29 MP: 4/4
  1975 | D:2      | Reached skill level 4 in Fighting
  2165 | D:2      | Reached XP level 5. HP: 9/33 MP: 5/5
  2907 | D:3      | Slain by an orc

Skill      XL: |  1  2  3  4 |
---------------+-------------+-----
Axes           | 3 |  3.6
Dodging        | 2 |  2.5
Armour         | 3 |  3.4
Fighting       | 4 |  4.2

Action                   |  1- 3 |  4- 6 || total
-------------------------+-------+-------++-------
Melee: Hand axe          |   118 |   137 ||   255
  Eat: Chunk             |     2 |     5 ||     7
Armor: Animal skin       |    56 |    59 ||   115
Dodge: Dodged            |    88 |   110 ||   198
